 Dungeon Crawl Stone Soup version 0.28.0-43-g3370ac3207 (webtiles) character file.

Game seed: 10206538325678420386

7119 nickcage the Fencer (level 10, -4/81 HPs)
             Began as a Minotaur Fighter on Mar 7, 2022.
             Was a Believer of Hepliaklqana.
             Slain by a wolf spider (10 damage)
             ... on level 9 of the Dungeon.
             The game lasted 00:21:33 (6337 turns).

nickcage the Fencer (Minotaur Fighter)              Turns: 6337, Time: 00:21:33

Health: -4/81      AC: 11    Str: 24    XL:     10   Next: 85%
Magic:  9/9        EV:  9    Int:  5    God:    Hepliaklqana [**....]
Gold:   338        SH:  9    Dex: 11    Spells: 9/9 levels left

rFire   . . .      SeeInvis .   a - +0 long sword
rCold   . . .      Faith    .   F - +0 kite shield
rNeg    . . .      Spirit   .   u - +0 swamp dragon scales
rPois   +          Reflect  .   q - +1 hat {Stlth+}
rElec   .          Harm     .   g - scarf {+Inv}
rCorr   .          Rampage  .   (no gloves)
Will    .....                   (no boots)
Stlth   ++........              e - amulet of regeneration
HPRegen 1.03/turn               m - +1 ring of protection
MPRegen 0.11/turn               (no ring)

@: mighty, slowed, very slow
A: reduced essence, horns 2, retaliatory headbutt
a: Renounce Religion, Evoke Invisibility, Recall Ancestor, Ancestor Identity


You were on level 9 of the Dungeon.
You worshipped Hepliaklqana.
Hepliaklqana was pleased with you.
You visited 2 branches of the dungeon, and saw 10 of its levels.

You collected 377 gold pieces.
You spent 39 gold pieces at shops.

Inventory:

Hand Weapons
 a - a +0 long sword (weapon)
 o - a +5 great sword of freezing
 s - a +0 scimitar of flaming
Missiles
 y - 13 poisoned darts (quivered)
Armour
 g - a scarf of invisibility (worn)
 q - a +1 hat of stealth (worn)
 u - +0 swamp dragon scales (worn)
 F - a +0 kite shield (worn)
Jewellery
 b - a ring of fire
 e - an amulet of regeneration (around neck)
 m - a +1 ring of protection (left hand)
 r - a ring of flight
 C - a ring of magical power
Wands
 c - a wand of acid (4)
 t - a wand of polymorph (1)
 D - a wand of mindburst (12)
 E - a wand of charming (12)
Scrolls
 j - 5 scrolls of identify
 n - 2 scrolls of amnesia {unknown}
 w - a scroll of immolation {unknown}
 B - a scroll of blinking {unknown}
Potions
 f - 3 potions of curing
 h - a potion of invisibility {unknown}
 i - a potion of mutation {unknown}
 k - 5 potions of flight {unknown}
 l - 2 potions of degeneration {unknown}
 p - 2 potions of berserk rage {unknown}
 v - a potion of ambrosia {unknown}
 z - a potion of heal wounds {unknown}
 A - a potion of cancellation {unknown}


   Skills:
 + Level 9.0 Fighting
 - Level 15.0 Long Blades
 + Level 9.3 Armour
 + Level 6.7 Shields


You had 9 spell levels left.
You didn't know any spells.
Your spell library contained the following spells:

 Spells                   Type           Power      Damage    Failure   Level
 Summon Small Mammal      Summ           0%         N/A       90%         1
 Ensorcelled Hibernation  Hex/Ice        0%         N/A       97%         2
 Passwall                 Tmut/Erth      0%         N/A       97%         2
 Call Canine Familiar     Summ           0%         N/A       99%         3
 Summon Guardian Golem    Hex/Summ       0%         N/A       99%         3
 Swiftness                Air            0%         N/A       99%         3
 Summon Ice Beast         Ice/Summ       0%         N/A       100%        4
 Summon Mana Viper        Hex/Summ       0%         N/A       100%        5
 Monstrous Menagerie      Summ           0%         N/A       100%        7


Dungeon Overview and Level Annotations

Branches:
Dungeon (9/15)             Temple (1/1) D:7            Lair (0/6) D:9
    Orc: D:9-12

Altars:
Ashenzari
Cheibriados
Dithmenos
Elyvilon
Fedhas
Gozag
Hepliaklqana
Kikubaaqudgha
Nemelex Xobeh
Okawaru
Qazlal
Ru
Sif Muna
Trog
Uskayaw
Vehumet
Wu Jian
Xom
Yredelemnul
Zin
The Shining One

Shops:
D:3 =


Innate Abilities, Weirdness & Mutations

Your life essence is reduced to manifest your ancestor. (-10% HP)
You have a pair of horns on your head.
You reflexively headbutt those who attack you in melee.


Message History

The stone arrow hits the freezing wraith!
The freezing wraith hits you. The freezing wraith freezes you!!
The freezing wraith hits you. The freezing wraith drains your vigour!
You feel yourself slow down. You block the freezing wraith's attack.
The freezing wraith hits you!
* * * LOW HITPOINT WARNING * * *
You barely miss the freezing wraith.
Your headbutt misses the freezing wraith.
The freezing wraith is moderately damaged.
Lucia hits the freezing wraith but does no damage.
You block the freezing wraith's attack. The freezing wraith closely misses you.
A kobold brigand comes into view.
It is wielding a +0 dagger and quivering poisoned darts.
Lucia completely misses the freezing wraith.
You closely miss the freezing wraith.
The freezing wraith is moderately damaged.
You block the freezing wraith's attack.
The freezing wraith hits you but does no damage.
Lucia hits the freezing wraith with a +0 quarterstaff!
The freezing wraith barely misses you. x2
You hit the freezing wraith but do no damage.
You headbutt the freezing wraith.
The freezing wraith is heavily damaged.
A wolf spider comes into view.
Lucia hits the freezing wraith with a +0 quarterstaff!
The freezing wraith hits you but does no damage.
The freezing wraith hits you.
* * * LOW HITPOINT WARNING * * *
You slash the freezing wraith! You headbutt the freezing wraith.
You destroy the freezing wraith!
Your Fighting skill increases to level 9!
You barely miss the kobold brigand.
The kobold brigand hits you with a +0 dagger.
* * * LOW HITPOINT WARNING * * *
Lucia hits the kobold brigand with a +0 quarterstaff!
You closely miss the kobold brigand. You headbutt the kobold brigand!
You kill the kobold brigand!
The wolf spider hits you!
* * * LOW HITPOINT WARNING * * *
The wolf spider bites you!
You die...

#.............##.....#
#..########'#..#.##..#
##.#..# #..#.......##
#.#..' #..#....##.##
#.##e# #'##....##.##
#.#8.# #..#.........
#.#.8# #..#..#.##.#.
#.##s####'##....##.#.
#.#.@R..'..#.......#.
#.#..#..#.)#.......#.
#.##########.......#.
#..................#.
##.####.##.###.###.#.
#.^...........# #.#.
######.##.##### #.#.
#.##.#######.#.
#.##...........


You could see the friendly Lucia the battlemage, a wolf spider and a deep elf
zephyrmancer.

Vanquished Creatures
  A centaur warrior (D:9)
  A cyclops (D:9)
  Maggie (D:6)
  An efreet (D:9)
  A freezing wraith (D:9)
  A slime creature (D:9)
  A wraith (D:9)
  10 yaks (D:9)
  2 steam dragons (D:6)
  Menkaure (D:5)
  Edmund (D:6)
  An orc warrior (D:9)
  3 ice beasts
  3 ogres
  A black bear (D:5)
  2 sky beasts
  A hornet zombie (D:6)
  2 phantoms
  3 kobold brigands
  Blork the orc (D:6)
  2 bullfrogs
  2 scorpions
  A wyvern skeleton (D:6)
  A water moccasin skeleton (D:4)
  4 wights (D:6)
  2 howler monkeys (D:8)
  2 centaur zombies
  A bullfrog zombie (D:4)
  4 orc priests
  5 hounds
  A jelly (D:8)
  2 bullfrog skeletons
  A centaur skeleton (D:6)
  A gnoll shaman (D:4)
  2 iguanas
  5 orc wizards
  A scorpion zombie (D:5)
  2 killer bee zombies
  3 hound skeletons
  A howler monkey zombie (D:7)
  10 gnolls
  4 adders
  A white imp (D:8)
  2 worms (D:2)
  5 dart slugs
  40 orcs
  7 ball pythons
  4 bats
  9 endoplasms
  2 giant cockroaches (D:2)
  6 goblins
  10 hobgoblins
  7 jackals
  5 quokkas
  A frilled lizard (D:2)
  13 kobolds
  6 rats
213 creatures vanquished.

Vanquished Creatures (collateral kills)
  A centaur (D:8)
  A gnoll shaman (D:9)
  2 gnolls (D:9)
  An orc (D:8)
5 creatures vanquished.

Vanquished Creatures (others)
  An orc wizard (D:8)
  An ancestor (D:9)
2 creatures vanquished.

Grand Total: 220 creatures vanquished

Notes
Turn   | Place    | Note
-------+----------+-------------------------------------------
     0 | D:1      | nickcage the Minotaur Fighter began the quest for the Orb.
     0 | D:1      | Reached XP level 1. HP: 19/19 MP: 0/0
    18 | D:1      | Reached XP level 2. HP: 27/27 MP: 1/1
   172 | D:1      | Reached skill level 3 in Long Blades
   433 | D:1      | Reached XP level 3. HP: 33/33 MP: 2/2
   583 | D:2      | Reached skill level 4 in Long Blades
   583 | D:2      | Found a sacrificial altar of Ru.
   729 | D:2      | Reached XP level 4. HP: 40/40 MP: 3/3
   852 | D:2      | Found a faded altar of an unknown god.
   920 | D:2      | Reached skill level 5 in Long Blades
  1127 | D:3      | Reached XP level 5. HP: 28/46 MP: 4/4
  1234 | D:3      | Found a shimmering altar of Xom.
  1235 | D:3      | Found Exem's One-of-a-Kind Rings.
  1240 | D:3      | Bought a +1 ring of protection for 39 gold pieces
  1275 | D:3      | Reached skill level 6 in Long Blades
  1486 | D:4      | Noticed an ogre
  1506 | D:4      | Killed an ogre
  1507 | D:4      | Reached skill level 7 in Long Blades
  1507 | D:4      | Reached XP level 6. HP: 17/52 MP: 5/5
  1688 | D:4      | Reached skill level 8 in Long Blades
  1709 | D:4      | Found a radiant altar of Vehumet.
  2009 | D:5      | Entered Level 5 of the Dungeon
  2037 | D:5      | Found a sacrificial altar of Ru.
  2041 | D:5      | Noticed a sky beast
  2058 | D:5      | Killed a sky beast
  2059 | D:5      | Reached skill level 9 in Long Blades
  2059 | D:5      | Reached XP level 7. HP: 9/59 MP: 6/6
  2239 | D:5      | Reached skill level 10 in Long Blades
  2436 | D:5      | Reached skill level 11 in Long Blades
  2436 | D:5      | Reached XP level 8. HP: 65/66 MP: 7/7
  2445 | D:5      | Noticed Menkaure
  2452 | D:5      | Killed Menkaure
  2749 | D:6      | Reached skill level 12 in Long Blades
  2909 | D:6      | Reached skill level 13 in Long Blades
  3156 | D:6      | Reached XP level 9. HP: 71/71 MP: 8/8
  3168 | D:6      | Reached skill level 14 in Long Blades
  3168 | D:6      | Noticed Maggie
  3174 | D:6      | Noticed Blork the orc
  3260 | D:6      | Killed Blork the orc
  3277 | D:6      | Killed Maggie
  3380 | D:6      | Noticed Edmund
  3395 | D:6      | Killed Edmund
  3530 | D:7      | Reached skill level 15 in Long Blades
  3830 | D:7      | Found a staircase to the Ecumenical Temple.
  3847 | Temple   | Entered the Ecumenical Temple
  4068 | Temple   | Became a worshipper of Hepliaklqana the Forgotten
  4242 | D:7      | Found a stormy altar of Qazlal.
  4275 | D:7      | Found a glowing golden altar of the Shining One.
  4287 | D:7      | Reached skill level 5 in Fighting
  4287 | D:7      | Reached skill level 5 in Armour
  4503 | D:8      | Found an ancient bone altar of Kikubaaqudgha.
  4600 | D:8      | Found an opulent altar of Gozag.
  4679 | D:8      | Reached * piety under Hepliaklqana
  5374 | D:9      | Reached XP level 10. HP: 52/74 MP: 9/9
  5394 | D:9      | Reached skill level 5 in Shields
  5437 | D:9      | Noticed a cyclops
  5441 | D:9      | Found a staircase to the Lair.
  5451 | D:9      | Killed a cyclops
  5765 | D:9      | Found a shimmering blue altar of Sif Muna.
  5791 | D:9      | Found a runed translucent door.
  5791 | D:9      | Noticed a centaur warrior
  5792 | D:9      | Noticed a deep elf zephyrmancer
  5798 | D:9      | Killed a centaur warrior
  5871 | D:9      | Reached ** piety under Hepliaklqana
  5872 | D:9      | Remembered your ancestor Lucia as a battlemage
  6124 | D:9      | Found a shadowy altar of Dithmenos.
  6334 | D:9      | Noticed a wolf spider
  6336 | D:9      | Identified the ring "Yroucaep" {rElec Will+ Str+6 Dex-2
                  | Stlth+}
  6337 | D:9      | Slain by a wolf spider

Illustrated notes

Levels and vault maps discovered:
D:1:      scummos_arrival_star, layout_loops_cross, minmay_pentomino_w2
D:2:      layout_rooms, basic_altar, shapermc_ecumenical_altar_starsandcircs,
          minmay_misc_feat_more_columns
D:3:      layout_rooms, xom_teletrap_fun, nicolae_shop_unique_rings
D:4:      layout_basic, mainiacjoe_overflow_brackets,
          chequers_hall_statues_corner_a
D:5:      layout_rooms, mainiacjoe_overflow_concentric_impassable,
          kennysheep_potato, uniq_menkaure
D:6:      layout_rooms, uniq_blork_the_orc, uniq_edmund, uniq_maggie
D:7:      nicolae_cairo_tiling, layout_cave_pools, tso_oasis_becter,
          grunt_qazlal_clouds, minmay_temple_entry_mist, serial_column_ruins,
          column_ruins_hut, column_ruins_corridor_straight,
          column_ruins_open_large, column_ruins_grid_1, column_ruins_open_small,
          chequers_serial_rivers_small_b, nrook_mini_vaults
D:8:      layout_basic, mainiacjoe_overflow_cross_hatched,
          nicolae_overflow_crystal_walls
D:9:      nicolae_BIG_FREAKIN_CUBE, layout_basic,
          nicolae_dithmenos_the_darkroom, lemuel_crystal_altar,
          lair_entry_dummy, minivault_13
Temple:   hc_temple_tempest_star

Skill      XL: |  1  2  3  4  5  6  7  8  9 10 |
---------------+-------------------------------+-----
Fighting       | 4 6 9 |  9.0
Long Blades    | 3 4 5 7 9 11 13 15 | 15.0
Armour         | 6 9 |  9.3
Shields        | 4 6 |  6.7

Action                   |  1- 3 |  4- 6 |  7- 9 | 10-12 || total
-------------------------+-------+-------+-------+-------++-------
Melee: Long sword        |    86 |   140 |   349 |   105 ||   680
       Headbutt          |    10 |    19 |    63 |    33 ||   125
Throw: Dart              |       |       |     3 |     2 ||     5
       Javelin           |       |       |     1 |       ||     1
Invok: Ancestor Identity |       |       |     1 |       ||     1
       Ancestor Life: Ba |       |       |       |     1 ||     1
  Use: Scroll            |       |       |     6 |       ||     6
       Potion            |       |       |       |     1 ||     1
 Stab: Sleeping          |       |       |     2 |     3 ||     5
       Distracted        |       |       |       |     2 ||     2
Armor: Scale mail        |    53 |    51 |    59 |       ||   163
       Swamp dragon scal |       |       |    49 |    20 ||    69
       Skin              |       |       |     8 |       ||     8
Dodge: Dodged            |    43 |    66 |    95 |    25 ||   229
Block: Buckler           |    25 |    37 |    48 |       ||   110
       Kite shield       |       |       |     4 |    37 ||    41
